 Dungeon Sprint DCSS version 0.22.1-1-ga44c0e56f4 (webtiles) character file.

1102 MuseOD the Covert (level 8, -5/69 HPs)
             Began as a Spriggan Enchanter on Sept 23, 2018.
             Was a Follower of Dithmenos.
             Splashed by a jelly's acid (10 damage)
             ... in the Dungeon (Sprint III: "The Ten Rune Challenge").
             The game lasted 00:02:33 (502 turns).

MuseOD the Covert (Spriggan Enchanter)               Turns: 502, Time: 00:02:35

Health: -5/69      AC:  2    Str:  9    XL:     8   Next: 10%
Magic:  5/15       EV: 18    Int: 18    God:    Dithmenos [*.....]
Gold:   28         SH:  0    Dex: 17    Spells: 3/15 levels left

rFire    . . .     SeeInvis +   q - +2 dagger (venom)
rCold    . . .     Gourm    .   (shield restricted)
rNeg     . . .     Faith    .   b - +0 robe
rPois    .         Spirit   .   (helmet restricted)
rElec    .         Reflect  .   (no cloak)
rCorr    .         Harm     .   (gloves unavailable)
MR       +....     NoTele   +   (boots unavailable)
Stlth    ..........             (no amulet)
HPRegen  0.21/turn              (no ring)
MPRegen  0.14/turn              (no ring)

@: berserking, very slightly contaminated, wreathed by umbra, very quick
A: very small, unfitting armour, see invisible, herbivore, speed 3, slow
metabolism 2
a: Renounce Religion


You were in the Dungeon.
You worshipped Dithmenos.
Dithmenos was aware of your devotion.
You were not hungry.

You visited 1 branch You collected 28 gold pieces.

Inventory:

Hand Weapons
 a - a +1 dagger
 q - a +2 dagger of venom (weapon)
Armour
 b - a +0 robe (worn)
Scrolls
 j - a scroll of blinking
 k - a scroll of torment {unknown}
 l - 6 scrolls of remove curse
 m - a scroll of holy word {unknown}
 n - a scroll of immolation {unknown}
Potions
 c - 4 potions of mutation {unknown}
 e - a potion of curing
 g - a potion of haste
 h - 2 potions of magic
 o - a potion of lignification {unknown}
 p - a potion of might
Comestibles
 d - 3 rations


   Skills:
 - Level 7.1 Fighting
 - Level 12.8 Short Blades
 - Level 3.0 Dodging
 + Level 14.0 Stealth
 + Level 4.3 Spellcasting
 + Level 5.0 Hexes


You had 3 spell levels left.
You knew the following spells:

 Your Spells              Type           Power        Failure   Level  Hunger
a - Corona                Hex            ###....      1%          1    None
b - Ensorcelled Hibernat  Hex/Ice        ##....       8%          2    ##.....
c - Confuse               Hex            ###.....     5%          3    ###....
d - Tukima's Dance        Hex            ###.....     5%          3    ###....
e - Dazzling Spray        Conj/Hex       ##....       16%         3    ###....

Your spell library contained the following spells:

 Spells                   Type           Power        Failure   Level  Hunger
 Confusing Touch          Hex            ###...       1%          1    None
 Animate Skeleton         Necr           N/A          14%         1    None
 Apportation              Tloc           #.....       14%         1    None
 Summon Small Mammal      Summ           #...         14%         1    None


Dungeon Overview and Level Annotations

Branches:
Dungeon (1/1)

Altars:
Dithmenos
Elyvilon
Kikubaaqudgha
Okawaru
Ru
Sif Muna
Trog
Uskayaw
Vehumet
Wu Jian
Yredelemnul
Zin
The Shining One
Beogh


Innate Abilities, Weirdness & Mutations

You are very small and have problems with some larger weapons.
You are too small for most types of armour.
You have supernaturally acute eyesight. (SInv)
You are a herbivore.
You cover ground extremely quickly.
You need to consume almost no food.


Message History

You hit the shadow.
The shadow is almost destroyed.
You hit the shadow.
You destroy the shadow!
Dithmenos accepts your kill.
Your Stealth skill increases to level 14!
Your Spellcasting skill increases to level 4!
Your Hexes skill gained 2 levels and is now at level 5!
You have reached level 8!
You completely miss the jelly. You hit the jelly.
Your hands burn!
* * * LOW HITPOINT WARNING * * *
The jelly is moderately wounded.
You puncture the jelly!
Your hands burn!
* * * LOW HITPOINT WARNING * * *
The jelly is almost dead.
The jelly hits you.
* * * LOW HITPOINT WARNING * * *
You are splashed with acid!
The acid burns!
You die...

▓▓▓ ♣
♣.############ ♣
♣.#___#___#__# ♣
♣♣.#)..#__)#._#
♣♣♣♣..###'#'###'##
..♣♣♣.#..........#
≈♣.♣♣.+.⌠.......@#
≈≈≈♣♣.#...######J#
≈≈....#.⌠.# #...#
≈..E..#...# #...#
......#'### #...#
......#)[:# #..%+
......#___# +...#
▓▓▓▓▓▓▓▓▓▓▓ ▓▓▓▓▓


You could see a jelly.

Vanquished Creatures
  A deep elf mage (D)
  A shadow (D)
  A necrophage (D)
  Crazy Yiuf (D)
  Jessica (D)
  A wizard (D)
  A necromancer (D)
  A kobold demonologist (D)
  3 humans (D)
  2 oozes (D)
  A rat (D)
14 creatures vanquished.

Vanquished Creatures (others)
  2 draconian scorchers (D)
  6 hellions (D)
  2 yaktaurs (D)
  2 plants (D)
12 creatures vanquished.

Grand Total: 26 creatures vanquished

Notes
Turn   | Place    | Note
-------+----------+-------------------------------------------
     0 | D        | MuseOD the Spriggan Enchanter began the quest for the Orb.
     0 | D        | Reached XP level 1. HP: 9/9 MP: 5/5
     4 | D        | Reached skill level 1 in Fighting
     4 | D        | Reached skill level 5 in Stealth
     7 | D        | Reached XP level 2. HP: 14/14 MP: 6/6
    11 | D        | Learned a level 2 spell: Ensorcelled Hibernation
    14 | D        | Noticed Jessica
    24 | D        | Killed Jessica
    24 | D        | Reached skill level 6 in Stealth
    24 | D        | Reached XP level 3. HP: 19/19 MP: 2/8
    29 | D        | Learned a level 3 spell: Confuse
    68 | D        | Killed a yaktaur
    94 | D        | Reached skill level 5 in Short Blades
    94 | D        | Reached skill level 7 in Stealth
   102 | D        | Noticed Crazy Yiuf
   103 | D        | Killed a hellion
   108 | D        | Killed a hellion
   109 | D        | Killed Crazy Yiuf
   109 | D        | Reached XP level 4. HP: 24/24 MP: 4/9
   161 | D        | Noticed a water elemental
   218 | D        | Found a glowing silver altar of Zin.
   219 | D        | Found a glowing golden altar of the Shining One.
   219 | D        | Found a white marble altar of Elyvilon.
   219 | D        | Noticed a deep elf mage
   221 | D        | Killed a deep elf mage
   221 | D        | Reached skill level 12 in Stealth
   221 | D        | Reached XP level 5. HP: 32/32 MP: 10/10
   221 | D        | Reached XP level 6. HP: 36/36 MP: 11/11
   221 | D        | Reached XP level 7. HP: 40/40 MP: 12/12
   228 | D        | Found a basalt altar of Yredelemnul.
   228 | D        | Found a shadowy altar of Dithmenos.
   228 | D        | Found a sacrificial altar of Ru.
   235 | D        | Became a worshipper of Dithmenos the Shadowed
   241 | D        | Found a hide-covered altar of Uskayaw.
   241 | D        | Found an iron altar of Okawaru.
   241 | D        | Killed a hellion
   241 | D        | Killed a white draconian scorcher
   242 | D        | Found a roughly hewn altar of Beogh.
   242 | D        | Found a bloodstained altar of Trog.
   242 | D        | Found an ornate altar of the Wu Jian Council.
   242 | D        | Noticed a human
   242 | D        | Noticed a human
   242 | D        | Killed a white draconian scorcher
   242 | D        | Killed a hellion
   243 | D        | Killed a hellion
   244 | D        | Killed a human
   244 | D        | Reached skill level 13 in Stealth
   245 | D        | Killed a human
   256 | D        | Learned a level 3 spell: Tukima's Dance
   263 | D        | Found a radiant altar of Vehumet.
   264 | D        | Found a deep blue altar of Sif Muna.
   264 | D        | Found an ancient bone altar of Kikubaaqudgha.
   276 | D        | Reached * piety under Dithmenos
   336 | D        | Learned a level 3 spell: Dazzling Spray
   365 | D        | Killed a yaktaur
   401 | D        | Noticed a shadow
   405 | D        | Killed a hellion
   499 | D        | Killed a shadow
   499 | D        | Reached skill level 14 in Stealth
   499 | D        | Reached skill level 5 in Hexes
   499 | D        | Reached XP level 8. HP: 15/46 MP: 4/15
   502 | D        | Splashed by a jelly's acid

Skill      XL: |  1  2  3  4  5  6  7 |
---------------+----------------------+-----
Fighting       | 1 2 3 6 7 |  7.1
Short Blades   | 3 4 6 11 12 | 12.8
Stealth        | 5 6 7 12 14 | 14.0
Spellcasting   | 4 |  4.3
Hexes          | 5 |  5.0
Dodging        | |  3.0

Action                   |  1- 3 |  4- 6 |  7- 9 || total
-------------------------+-------+-------+-------++-------
Melee: Dagger            |     8 |     2 |   105 ||   115
 Cast: Ensorcelled Hiber |     4 |       |     6 ||    10
       Confuse           |       |       |     3 ||     3
  Use: Potion            |       |       |     4 ||     4
 Stab: Sleeping          |     6 |     1 |     4 ||    11
Armor: Robe              |       |       |     2 ||     2
Dodge: Dodged            |     1 |     3 |    42 ||    46
